 Dungeon Crawl Stone Soup version 0.30.0-29-ga12c61a403 (webtiles) character file.

Game seed: 17691778349184568262

8081 Graphine the Cleaver (level 11, -6/101 HPs)
             Began as a Hill Orc Fighter on June 24, 2023.
             Was a Follower of Makhleb.
             Mangled by a two-headed ogre
             ... wielding a +0 giant club
              (9 damage)
             ... on level 11 of the Dungeon.
             The game lasted 00:17:34 (8686 turns).

Graphine the Cleaver (Hill Orc Fighter)             Turns: 8686, Time: 00:17:35

Health: -6/101     AC: 18    Str: 24    XL:     11   Next: 25%
Magic:  19/19      EV: 12    Int:  8    God:    Makhleb [*.....]
Gold:   560        SH:  5    Dex: 10    Spells: 10/10 levels left

rFire   . . .        a - +1 war axe (venom)
rCold   . . .        c - +0 buckler
rNeg    . . .        l - +0 plate armour
rPois   .            (no helmet)
rElec   .            k - scarf {shadows}
rCorr   .            s - +0 pair of gloves
SInv    .            (no boots)
Will    .....        y - amulet of regeneration Stlth
                     j - +4 ring of protection
HPRegen 1.16/turn    C - +5 ring of evasion
MPRegen 0.16/turn

%: no passive effects
@: mighty, slowed, invisible, very slow
A: no striking features
a: Renounce Religion


You were on level 11 of the Dungeon.
You worshipped Makhleb.
Makhleb was aware of your devotion.
You visited 1 branch of the dungeon, and saw 11 of its levels.
You also visited: Sewer.

You collected 560 gold pieces.

Inventory:

Hand Weapons
 a - a +1 war axe of venom (weapon)
 x - a +1 war axe of distortion
Armour
 c - a +0 buckler (worn)
 k - a scarf of shadows (worn)
 l - a +0 plate armour (worn)
 s - a +0 pair of gloves (worn)
 I - a +1 cloak
Jewellery
 j - a +4 ring of protection (left hand)
 p - an amulet of magic regeneration
 w - a ring of poison resistance
 y - an amulet of regeneration (around neck)
 C - a +5 ring of evasion (right hand)
 D - a +6 ring of dexterity
 J - a ring of positive energy
Wands
 o - a wand of flame (22)
 B - a wand of mindburst (8)
 E - a wand of polymorph (3)
 G - a wand of roots (9)
Scrolls
 e - 2 scrolls of poison
 g - 6 scrolls of teleportation
 q - a scroll of amnesia
 v - 2 scrolls of immolation
 z - 2 scrolls of magic mapping
Potions
 b - 2 potions of flight
 d - 4 potions of might
 f - a potion of heal wounds
 h - 2 potions of mutation
 m - 2 potions of brilliance
 n - 5 potions of attraction
 r - a potion of berserk rage
 A - 3 potions of haste
 F - 3 potions of lignification


   Skills:
 * Level 10.9 Fighting
 * Level 11.5 Axes
 + Level 7.4 Armour
 + Level 7.3 Shields
 * Level 11.1 Invocations


You had 10 spell levels left.
You didn't know any spells.
Your spell library contained the following spells:

 Spells                   Type           Power      Damage    Failure   Level
 Apportation              Tloc           0%         N/A       100%        1
 Beastly Appendage        Tmut           0%         N/A       100%        1
 Sandblast                Erth           0%         2d4       100%        1
 Ensorcelled Hibernation  Hex/Ice        0%         N/A       100%        2
 Lesser Beckoning         Tloc           0%         N/A       100%        2
 Passwall                 Tmut/Erth      0%         N/A       100%        2
 Wereblood                Tmut           0%         N/A       100%        2
 Gell's Gravitas          Tloc           0%         N/A       100%        3
 Spider Form              Tmut/Pois      0%         N/A       100%        3
 Stone Arrow              Conj/Erth      0%         3d7       100%        3
 Swiftness                Air            0%         N/A       100%        3
 Teleport Other           Tloc           0%         N/A       100%        3
 Alistair's Intoxication  Tmut/Pois      0%         N/A       100%        5


Dungeon Overview and Level Annotations

Branches:
Dungeon (11/15)            Temple (0/1) D:5            Lair (0/5) D:10
  Sewer (visited)
    Orc: D:9-12

Altars:
Ashenzari
Dithmenos
Elyvilon
Fedhas
Gozag
Kikubaaqudgha
Makhleb
Sif Muna
Wu Jian
The Shining One

Shops:
D:8 :   D:9 (


Message History

Something tries to affect you, but you resist.
Something hits you but does no damage. Something bites you.
Something draws strength from your injuries!
You feel your willpower return. You block Sonja's attack.
Sonja closely misses you. You block Sonja's attack.
Sonja hits you but does no damage. Sonja barely misses you. x2
You barely miss Sonja.
Sonja is heavily wounded.
You slash something! Something hits you but does no damage.
Something bites you.
Something draws strength from your injuries!
Sonja barely misses you. Sonja closely misses you. Sonja barely misses you.
A two-headed ogre comes into view. It is wielding two +0 giant clubs.
Something barely misses you. Something bites you but does no damage.
Sonja barely misses you. Sonja misses you. Sonja barely misses you.
You catch the helpless Sonja completely off-guard!
You slash Sonja!
Sonja is poisoned.
Sonja is severely wounded.
You closely miss something.
The two-headed ogre shouts in stereo!
Something hits you but does no damage. Something bites you but does no damage.
The two-headed ogre shouts in stereo!
Sonja hits you but does no damage. Space warps horribly around you!
Sonja hits you but does no damage. Space warps horribly around you!
Sonja barely misses you. x2; Sonja closely misses you.
Sonja hits you but does no damage. Space warps around you.
* * * LOW HITPOINT WARNING * * *
You catch the helpless Sonja completely off-guard!
You slash Sonja!
You kill Sonja!
Makhleb accepts your kill.
You miss something.
The two-headed ogre shouts in stereo!
Something hits you.
* * * LOW HITPOINT WARNING * * *
Something bites you but does no damage.
The two-headed ogre hits you with a +0 giant club!!
* * * LOW HITPOINT WARNING * * *
The two-headed ogre hits you with a +0 giant club!
You die...

#.....# #.....# .
#....[# .. #.....#
... #.....#
....######.....#+#
.................#
......)..........#
......O@.........#
.................+
............<....#
.................#
.................#
............$.#+##
.............#
...........#
...........#


You could see a two-headed ogre (unable to see you).

Vanquished Creatures
  2 two-headed ogres
  Sonja (D:11)
  Joseph (D:8)
  Maggie (D:6)
  A hornet (D:7)
  The ghost of Goreval the Slasher, an amateur BaRe (D:4)
  A wraith (D:10)
  2 shadows (D:10)
  12 yaks
  2 steam dragons
  Menkaure (D:4)
  3 acid dragons
  A water moccasin (D:8)
  Pargi (Sewer)
  An ice beast (D:6)
  A sky beast (D:7)
  An ogre (D:5)
  7 centaurs
  3 kobold brigands
  2 phantoms
  A scorpion (D:6)
  2 bullfrogs (D:7)
  6 wights (D:9)
  5 killer bees (D:9)
  2 jellies
  4 hounds
  5 orc priests
  3 sleepcaps
  2 iguanas (D:5)
  8 orc wizards
  3 gnolls (D:3)
  12 adders
  A shadow imp (D:5)
  2 white imps
  An ufetubus (D:6)
  A worm (D:3)
  2 dart slugs (D:1)
  25 orcs
  9 endoplasms
  5 giant cockroaches
  7 goblins
  8 hobgoblins
  28 kobolds
  2 quokkas
  15 ball pythons
  6 bats
  8 frilled lizards
  7 rats
225 creatures vanquished.

Notes
Turn   | Place    | Note
-------+----------+-------------------------------------------
     0 | D:1      | Graphine the Hill Orc Fighter began the quest for the Orb.
     0 | D:1      | Reached XP level 1. HP: 19/19 MP: 1/1
    95 | D:1      | Reached XP level 2. HP: 27/27 MP: 2/2
   126 | D:1      | Reached skill level 1 in Invocations
   374 | D:1      | Reached XP level 3. HP: 32/33 MP: 4/4
   860 | D:2      | Reached XP level 4. HP: 41/41 MP: 5/5
  1478 | D:3      | Reached XP level 5. HP: 34/47 MP: 7/7
  2240 | D:4      | Noticed Menkaure
  2251 | D:4      | Killed Menkaure
  2252 | D:4      | Reached skill level 5 in Fighting
  2252 | D:4      | Reached XP level 6. HP: 43/56 MP: 8/8
  2337 | D:4      | Reached skill level 5 in Axes
  2545 | D:4      | Found an ornate altar of the Wu Jian Council.
  2713 | D:4      | Found a runed translucent gate.
  2713 | D:4      | Found a runed translucent gate.
  2713 | D:4      | Found a runed translucent gate.
  2714 | D:4      | Noticed Goreval's ghost (amateur BaRe)
  2901 | D:4      | Reached XP level 7. HP: 60/61 MP: 10/10
  3004 | D:4      | Killed Goreval's ghost
  3005 | D:4      | Reached skill level 5 in Invocations
  3073 | D:5      | Entered Level 5 of the Dungeon
  3235 | D:5      | Reached XP level 8. HP: 70/71 MP: 12/12
  3516 | D:5      | Found a glowing drain.
  3539 | Sewer    | Entered a sewer
  3592 | Sewer    | Noticed Pargi
  3605 | Sewer    | Killed Pargi
  3786 | D:5      | Reached skill level 5 in Armour
  3794 | D:5      | Found a staircase to the Ecumenical Temple.
  3844 | D:5      | Reached skill level 5 in Shields
  4181 | D:6      | Noticed Maggie
  4215 | D:6      | Killed Maggie
  4227 | D:6      | Reached XP level 9. HP: 32/80 MP: 14/14
  5323 | D:7      | Found a burning altar of Makhleb.
  5330 | D:7      | Became a worshipper of Makhleb the Destroyer
  5441 | D:7      | Noticed a two-headed ogre
  5448 | D:7      | Killed a two-headed ogre
  5584 | D:7      | Noticed a hornet
  5594 | D:7      | Killed a hornet
  5756 | D:7      | Found a white marble altar of Elyvilon.
  6232 | D:8      | Noticed Joseph
  6242 | D:8      | Killed Joseph
  6243 | D:8      | Reached XP level 10. HP: 87/91 MP: 16/16
  6430 | D:8      | Found a broken altar of Ashenzari.
  6470 | D:8      | Found Qoivorch's Book Shop.
  6597 | D:8      | Reached skill level 10 in Axes
  6995 | D:9      | Found Huffuege's Antique Weapon Shoppe.
  7147 | D:9      | Reached skill level 10 in Invocations
  7164 | D:9      | Reached skill level 10 in Fighting
  7516 | D:9      | Found an opulent altar of Gozag.
  7521 | D:9      | Found a shimmering blue altar of Sif Muna.
  7523 | D:9      | Found a blossoming altar of Fedhas.
  7525 | D:9      | Found a glowing golden altar of the Shining One.
  7528 | D:9      | Found an ancient bone altar of Kikubaaqudgha.
  7718 | D:10     | Entered Level 10 of the Dungeon
  7753 | D:10     | Reached * piety under Makhleb
  7834 | D:10     | Found a staircase to the Lair.
  7897 | D:10     | Noticed a two-headed ogre
  7904 | D:10     | Killed a two-headed ogre
  7905 | D:10     | Reached XP level 11. HP: 48/101 MP: 17/19
  8439 | D:10     | Found a shadowy altar of Dithmenos.
  8651 | D:11     | Noticed Sonja
  8669 | D:11     | HP: 5/101 [Sonja/+1 dagger of distortion (1)]
  8683 | D:11     | Noticed a two-headed ogre
  8686 | D:11     | Killed Sonja
  8686 | D:11     | HP: 3/101 [two-headed ogre/+0 giant club (23)]
  8686 | D:11     | Mangled by a two-headed ogre

Illustrated notes

Levels and vault maps discovered:
D:1:      lemuel_arrival_river_ford, layout_basic, minmay_pentomino_t4
D:2:      layout_rooms
D:3:      layout_basic, corexii_leaking_fountain
D:4:      layout_loops_cross, nicolae_wu_jian_wuxing_cycle,
          gammafunk_ghost_nasty_kobolds, uniq_menkaure
D:5:      layout_loops_ring, minmay_temple_entry_drinking_statues,
          gup_sewer_entry_glass, kennysheep_generic_room_3
D:6:      layout_basic, st_stairs_3, nrook_pool_corridor, serial_bayou_pond_a,
          uniq_maggie
D:7:      layout_basic, lemuel_tele_altar, mainiacjoe_overflow_chevrons
D:8:      layout_cave_pods, evilmike_ruin_ashenzari, serial_shops,
          nicolae_shop_peninsula, uniq_joseph
D:9:      layout_loops_ring, chequers_temple_overflow_minitemple, serial_shops,
          nicolae_shop_dealshenge, nicolae_kite_square_tiling_tiny
D:10:     layout_loops_ring, grunt_dithmenos_shadows, lair_entry_dummy
D:11:     layout_irregular_city, erik_orc_1, uniq_nergalle, uniq_sonja,
          uniq_lodul

Skill      XL: |  1  2  3  4  5  6  7  8  9 10 11 |
---------------+----------------------------------+-----
Axes           | 3 4 5 6 7 9 11 | 11.5
Invocations    | 1 2 3 4 5 7 9 10 11 | 11.1
Fighting       | 4 5 6 7 9 10 | 10.9
Armour         | 4 5 6 7 |  7.4
Shields        | 4 5 6 7 |  7.3

Action                     |  1- 3 |  4- 6 |  7- 9 | 10-12 || total
---------------------------+-------+-------+-------+-------++-------
  Melee: War axe           |    85 |   139 |   237 |   263 ||   724
  Evoke: Wand              |       |       |     2 |     2 ||     4
    Use: Scroll            |     2 |     7 |    11 |     5 ||    25
         Potion            |       |       |     1 |     8 ||     9
   Stab: Invisible         |       |       |       |     2 ||     2
 Armour: Scale mail        |    24 |       |       |       ||    24
         Plate armour      |    12 |    98 |   172 |   170 ||   452
  Dodge: Dodged            |    49 |    50 |    60 |   149 ||   308
  Block: Buckler           |    19 |    25 |    54 |    80 ||   178
